 Dungeon Crawl Stone Soup version 0.22.0-75-g3901e7991e (webtiles) character file.

273 Freyura the Magician (level 6, 0/44 HPs)
             Began as a Gnoll Wizard on Sept 14, 2018.
             Slain by an orc wizard
             ... wielding a +0 dagger
              (2 damage)
             ... on level 4 of the Dungeon on Sept 15, 2018.
             The game lasted 00:19:27 (3242 turns).

Freyura the Magician (Gnoll Wizard)                 Turns: 3242, Time: 00:19:28

Health: 0/44       AC:  7    Str:  9    XL:     6   Next: 24%
Magic:  8/16       EV: 14    Int: 22    God:
Gold:   76         SH:  0    Dex: 14    Spells: 9/19 levels left

rFire    . . .     SeeInvis .   h - +3 whip (flame)
rCold    . . .     Gourm    .   (no shield)
rNeg     + . .     Faith    .   p - +2 leather armour {rN+}
rPois    .         Spirit   .   s - +0 helmet
rElec    .         Reflect  .   (no cloak)
rCorr    .         Harm     .   o - +0 pair of gloves
MR       .....                  (no boots)
Stlth    +++.......             (no amulet)
HPRegen  0.14/turn              (no ring)
MPRegen  0.15/turn              (no ring)

@: very slightly contaminated
A: distributed training, fangs 1, strong nose
a: no special abilities


You were on level 4 of the Dungeon.
You were not hungry.

You visited 1 branch of the dungeon, and saw 4 of its levels.

You collected 76 gold pieces.

Inventory:

Hand Weapons
 c - a +0 blowgun
 f - a +0 dagger
 h - a +3 whip of flaming (weapon)
Missiles
 q - 17 poisoned needles
Armour
 a - a +0 robe
 o - a +0 pair of gloves (worn)
 p - a +2 leather armour of positive energy (worn)
 s - a +0 helmet (worn)
Wands
 d - a wand of flame (24)
 r - a wand of polymorph (10)
 t - a wand of paralysis (8)
 u - a wand of acid (4)
Scrolls
 e - a scroll of identify
 g - 2 scrolls of remove curse
Potions
 i - a potion of curing
 j - a potion of degeneration {unknown}
 k - 2 potions of haste
 l - a potion of lignification {unknown}
 m - a potion of agility {unknown}
Comestibles
 n - 5 rations


   Skills:
 + Level 1.8 Fighting
 + Level 1.8 Short Blades
 + Level 1.8 Long Blades
 + Level 1.8 Axes
 + Level 1.8 Maces & Flails
 + Level 1.8 Polearms
 + Level 1.8 Staves
 + Level 1.8 Slings
 + Level 1.8 Bows
 + Level 1.8 Crossbows
 + Level 1.8 Throwing
 + Level 1.8 Armour
 + Level 4.9 Dodging
 + Level 4.5 Stealth
 + Level 1.8 Shields
 + Level 1.8 Unarmed Combat
 + Level 7.4 Spellcasting
 + Level 2.5 Conjurations
 + Level 1.4 Hexes
 + Level 1.4 Charms
 + Level 2.5 Summonings
 + Level 1.4 Necromancy
 + Level 2.5 Translocations
 + Level 1.4 Transmutations
 + Level 1.4 Fire Magic
 + Level 1.4 Ice Magic
 + Level 1.4 Air Magic
 + Level 1.4 Earth Magic
 + Level 1.4 Poison Magic
 + Level 2.0 Invocations
 + Level 1.8 Evocations


You had 9 spell levels left.
You knew the following spells:

 Your Spells              Type           Power        Failure   Level  Hunger
a - Magic Dart            Conj           ###.         3%          1    None
b - Blink                 Tloc           N/A          5%          2    None
c - Call Imp              Summ           ###.....     5%          2    None
d - Slow                  Hex            ##......     9%          2    None
e - Conjure Flame         Conj/Fire      ###.....     14%         3    None

Your spell library contained the following spells:

 Spells                   Type           Power        Failure   Level  Hunger
 Mephitic Cloud           Conj/Pois/Air  ###.....     16%         3    None


Dungeon Overview and Level Annotations

Branches:
Dungeon (4/15)
 Temple: D:4-7

Altars:
Nemelex Xobeh
Wu Jian


Innate Abilities, Weirdness & Mutations

Your experience applies equally to all skills.
You have very sharp teeth.
Your uncanny sense of smell can sniff out nearby items.


Message History

Your crimson imp completely misses the orc wizard.
Something closely misses your crimson imp.
Something completely misses your white imp.
Something closely misses your white imp.
The orc wizard casts a spell at you. The magic dart hits you!
* * * LOW HITPOINT WARNING * * *
You barely miss the orc wizard.
The orc wizard is moderately wounded.
The orc wizard hits you with a dagger.
* * * LOW HITPOINT WARNING * * *
Your shadow imp hits the orc wizard.
You hit the orc wizard but do no damage.
The orc wizard is heavily wounded.
The orc wizard hits you but does no damage.
The orc wizard misses you.
You barely miss the orc wizard.
The orc wizard is heavily wounded.
The orc wizard hits you with a dagger.
You die...

#########+##
#.......(...
#...<.......
###..####+##
.####..##...######
#..........)......
#......^..........
#.......@o5......#
##########.5.##..
##...# #....#
#o5..#∆
......)o...#
......#§...#
......#....+ .###.
######


You could see an orc wizard, a friendly crimson imp and a friendly shadow imp.

Vanquished Creatures
  An orc priest (D:3)
  An orc wizard (D:3)
  Jessica (D:3)
  Ijyb (D:3)
  7 adders
  4 worms (D:2)
  5 leopard geckos
  10 orcs
  8 bats
  4 giant cockroaches
  8 goblins
  6 hobgoblins
  A quokka (D:2)
  A ball python (D:1)
  A ball python skeleton (D:3)
  8 frilled lizards
  8 kobolds
  5 rats
80 creatures vanquished.

Vanquished Creatures (collateral kills)
  3 orcs (D:3)
3 creatures vanquished.

Grand Total: 83 creatures vanquished

Notes
Turn   | Place    | Note
-------+----------+-------------------------------------------
     0 | D:1      | Freyura the Gnoll Wizard began the quest for the Orb.
     0 | D:1      | Reached XP level 1. HP: 13/13 MP: 8/8
   282 | D:1      | Reached XP level 2. HP: 19/19 MP: 5/10
   563 | D:2      | Reached XP level 3. HP: 16/25 MP: 9/11
   620 | D:2      | Found a sparkling altar of Nemelex Xobeh.
   821 | D:2      | Learned a level 2 spell: Blink
   824 | D:2      | Learned a level 2 spell: Call Imp
   827 | D:2      | Learned a level 2 spell: Slow
   831 | D:2      | Learned a level 3 spell: Conjure Flame
   849 | D:2      | Reached skill level 1 in Invocations
  1061 | D:2      | Reached skill level 1 in Fighting
  1061 | D:2      | Reached skill level 1 in Short Blades
  1061 | D:2      | Reached skill level 1 in Long Blades
  1061 | D:2      | Reached skill level 1 in Axes
  1061 | D:2      | Reached skill level 1 in Maces & Flails
  1061 | D:2      | Reached skill level 1 in Polearms
  1061 | D:2      | Reached skill level 1 in Staves
  1061 | D:2      | Reached skill level 1 in Slings
  1061 | D:2      | Reached skill level 1 in Bows
  1061 | D:2      | Reached skill level 1 in Crossbows
  1061 | D:2      | Reached skill level 1 in Throwing
  1061 | D:2      | Reached skill level 1 in Armour
  1061 | D:2      | Reached skill level 1 in Shields
  1061 | D:2      | Reached skill level 1 in Unarmed Combat
  1061 | D:2      | Reached skill level 1 in Evocations
  1071 | D:2      | Reached XP level 4. HP: 32/32 MP: 4/13
  1623 | D:3      | Reached skill level 1 in Hexes
  1623 | D:3      | Reached skill level 1 in Charms
  1623 | D:3      | Reached skill level 1 in Necromancy
  1623 | D:3      | Reached skill level 1 in Transmutations
  1623 | D:3      | Reached skill level 1 in Fire Magic
  1623 | D:3      | Reached skill level 1 in Ice Magic
  1623 | D:3      | Reached skill level 1 in Air Magic
  1623 | D:3      | Reached skill level 1 in Earth Magic
  1623 | D:3      | Reached skill level 1 in Poison Magic
  1628 | D:3      | Reached XP level 5. HP: 34/37 MP: 8/14
  1660 | D:3      | Noticed Ijyb
  1681 | D:3      | Killed Ijyb
  1687 | D:3      | Noticed Jessica
  1689 | D:3      | Killed Jessica
  2185 | D:3      | Reached XP level 6. HP: 6/44 MP: 3/16
  2561 | D:3      | Found an ornate altar of the Wu Jian Council.
  3239 | D:4      | HP: 2/44 [orc wizard/magic dart (3)]
  3242 | D:4      | Slain by an orc wizard

Skill      XL: |  1  2  3  4  5  6 |
---------------+-------------------+-----
Conjurations   | 2 |  2.5
Summonings     | 2 |  2.5
Translocations | 2 |  2.5
Invocations    | 1 2 |  2.0
Fighting       | 1 |  1.8
Short Blades   | 1 |  1.8
Long Blades    | 1 |  1.8
Axes           | 1 |  1.8
Maces & Flails | 1 |  1.8
Polearms       | 1 |  1.8
Staves         | 1 |  1.8
Slings         | 1 |  1.8
Bows           | 1 |  1.8
Crossbows      | 1 |  1.8
Throwing       | 1 |  1.8
Armour         | 1 |  1.8
Shields        | 1 |  1.8
Unarmed Combat | 1 |  1.8
Evocations     | 1 |  1.8
Hexes          | 1 |  1.4
Charms         | 1 |  1.4
Necromancy     | 1 |  1.4
Transmutations | 1 |  1.4
Fire Magic     | 1 |  1.4
Ice Magic      | 1 |  1.4
Air Magic      | 1 |  1.4
Earth Magic    | 1 |  1.4
Poison Magic   | 1 |  1.4
Dodging        | |  4.9
Stealth        | |  4.5
Spellcasting   | |  7.4

Action                   |  1- 3 |  4- 6 || total
-------------------------+-------+-------++-------
Melee: Whip              |    15 |    81 ||    96
       Bite              |       |     4 ||     4
 Fire: Blowgun           |       |    11 ||    11
 Cast: Magic Dart        |    72 |    89 ||   161
       Conjure Flame     |       |     1 ||     1
       Call Imp          |       |     9 ||     9
  Use: Scroll            |       |     8 ||     8
 Stab: Sleeping          |       |     1 ||     1
  Eat: Ration            |       |     2 ||     2
Armor: Robe              |     1 |     1 ||     2
       Leather armour    |       |    19 ||    19
Dodge: Dodged            |    18 |    46 ||    64
